 Dungeon Crawl Stone Soup version 0.30-a0-141-g30f27751c5 (webtiles) character file.

Game seed: 9822122261321919051

49 qw the Chopper (level 3, -3/23 HPs)
             Began as a Gargoyle Fighter on Sept 25, 2022.
             Slain by a gnoll
             ... wielding a +0 halberd
              (5 damage)
             ... on level 2 of the Dungeon.
             The game lasted 00:00:34 (1743 turns).

qw the Chopper (Gargoyle Fighter)                   Turns: 1743, Time: 00:00:34

Health: -3/23      AC: 10    Str: 21    XL:     3   Next: 75%
Magic:  3/3        EV:  9    Int:  8    God:
Gold:   81         SH:  4    Dex:  9    Spells: 2/2 levels left

rFire   . . .      SeeInvis .    Y - +0 war axe
rCold   . . .      Faith    .    c - +0 buckler
rNeg    + . .      Spirit   .    b - +0 scale mail
rPois   inf        Reflect  .    (no helmet)
rElec   +          Harm     .    (no cloak)
rCorr   .          Rampage  .    (no gloves)
Will    .....                    (no boots)
Stlth   ..........               (no amulet)
HPRegen 0.07/turn                (no ring)
MPRegen 0.08/turn                (no ring)

@: no status effects
A: sickness immunity, AC +3, negative energy resistance 1, electricity
resistance, torment resistance 1, petrification resistance
a: no special abilities


You were on level 2 of the Dungeon.
You visited 1 branch of the dungeon, and saw 2 of its levels.

You collected 81 gold pieces.


Innate Abilities, Weirdness & Mutations

You are immune to sickness and miasma.
Your stone body is resilient. (AC +3)
You are immune to poison.
You resist negative energy. (rN+)
You are resistant to electric shocks. (rElec)
You are resistant to unholy torment.
You are immune to petrification.


   Skills:
 - Level 3.2 Fighting
 + Level 3.6 Axes
 - Level 3.2 Armour
 - Level 3.2 Shields


You had 2 spell levels left.
You didn't know any spells.
Your spell library was empty.

Inventory:

Hand Weapons
 a - a +0 whip
 Y - a +0 war axe (weapon)
Armour
 b - a +0 scale mail (worn)
 c - a +0 buckler (worn)
Scrolls
 f - a scroll of identify
 h - a scroll of brand weapon {unknown}
Potions
 d - a potion of might
 e - a potion of brilliance {unknown}
 g - 2 potions of haste {unknown}
 j - a potion of berserk rage {unknown}
 k - a potion of curing {unknown}

Dungeon Overview and Level Annotations

Branches:
Dungeon (2/15)

Altars:


Message History

You barely miss the goblin. The goblin barely misses you.
You slash the goblin!
You kill the goblin!
g - 2 fizzy coppery potions (gained 1)
You see here a +0 sling.
An endoplasm comes into view.
The endoplasm quivers.
The endoplasm moves out of view.
An endoplasm is nearby!
You slash the endoplasm!
You kill the endoplasm!
h - a scroll labelled CUERYU NIKOABB An endoplasm comes into view.
The endoplasm quivers.
You barely miss the endoplasm. The endoplasm barely misses you.
You slash the endoplasm!
You kill the endoplasm! 3 gnolls come into view.
The gnoll shouts! x3
A gnoll comes into view. It is wielding a +0 whip.
The gnoll shouts!
The gnoll hits you with a +0 halberd!
You slash the gnoll!
The gnoll is almost dead.
You hit the gnoll. You block the gnoll's attack.
A kobold comes into view. It is wielding a +0 short sword.
You completely miss the gnoll.
The gnoll is lightly wounded.
You closely miss the gnoll.
The kobold shouts!
The gnoll hits you with a +0 whip.
The gnoll hits you from afar with a +0 halberd!
You slash the gnoll!
The gnoll is severely wounded.
You hit the gnoll.
The gnoll hits you from afar with a +0 halberd.
You die...

..... ..... ####
####....##..
........##.#
...........##
#.......#...##### #
......#...#.....# K..
.#........###...###...#
.#......#.###...@gg..#
.#....#.#...#....gg.....
....)...........########
.)..###.#####...#
........# #...#
.....#### ##.!.
#..#.##### #####
#........#####
#.............


You could see 4 gnolls and a kobold.

Vanquished Creatures
  An adder (D:2)
  A ball python (D:1)
  3 bats (D:1)
  7 endoplasms
  2 giant cockroaches (D:1)
  A goblin (D:2)
  5 hobgoblins
  2 quokkas
  13 frilled lizards (D:1)
  2 kobolds
37 creatures vanquished.

Vanquished Creatures (others)
  4 plants (D:1)
4 creatures vanquished.

Grand Total: 41 creatures vanquished

Notes
Turn   | Place    | Note
-------+----------+-------------------------------------------
     0 | D:1      | qw the Gargoyle Fighter began the quest for the Orb.
     0 | D:1      | Reached XP level 1. HP: 14/14 MP: 1/1
     0 | D:1      | 0 ||| qw: Version: 0.2-a-10-g399e6c4
     0 | D:1      | 0 ||| qw: Game counter: 139
     0 | D:1      | 0 ||| qw: Always use a shield: true
     0 | D:1      | 0 ||| qw: God list: Okawaru
     0 | D:1      | 0 ||| qw: Allow faded altars: false
     0 | D:1      | 0 ||| qw: Do Orc after D:15 true
     0 | D:1      | 0 ||| qw: Do second Lair branch before Depths: true
     0 | D:1      | 0 ||| qw: Lair rune preference: random
     0 | D:1      | 0 ||| qw: Plans: Normal, Zot:1-4, God:TSO, Crypt, Tomb,
                  | Pan, Slime:5, Hells, Abyss, Orb
     0 | D:1      | 0 ||| PLANNING D:1-11
     2 | D:1      | 2 ||| Stepping randomly (stuck).
     3 | D:1      | 3 ||| Stepping randomly (stuck).
   211 | D:1      | Reached XP level 2. HP: 19/19 MP: 2/2
   300 | D:1      | 300 ||| Stepping ~*~*~tactically~*~*~ (stealth).
   302 | D:1      | 302 ||| Stepping ~*~*~tactically~*~*~ (stealth).
   304 | D:1      | 304 ||| Stepping ~*~*~tactically~*~*~ (stealth).
   345 | D:1      | 345 ||| Stepping ~*~*~tactically~*~*~ (stealth).
   392 | D:1      | 392 ||| Stepping ~*~*~tactically~*~*~ (stealth).
   406 | D:1      | 406 ||| Stepping ~*~*~tactically~*~*~ (stealth).
   415 | D:1      | Reached skill level 3 in Axes
   646 | D:1      | Reached XP level 3. HP: 13/23 MP: 3/3
  1236 | D:1      | 1236 ||| READING scroll labelled HUKUGE FIFEWKA.
  1240 | D:1      | 1240 ||| READING 2 scrolls labelled OGINLEGEMAIPS.
  1241 | D:1      | 1241 ||| READING scroll labelled BIONOA KECLE.
  1242 | D:1      | 1242 ||| READING scroll labelled UHESEF FUM.
  1274 | D:2      | 1274 ||| STAIRDANCE
  1314 | D:2      | 1314 ||| STAIRDANCE
  1390 | D:2      | HP: 4/23 [frozen (5)]
  1392 | D:2      | 1392 ||| STAIRDANCE
  1742 | D:2      | HP: 2/23 [gnoll/+0 halberd (8)]
  1743 | D:2      | Slain by a gnoll

Levels and vault maps discovered:
D:1:      scummos_arrival_star, layout_basic, minmay_curled_crystal,
          minmay_lizard_king
D:2:      layout_rooms, hangedman_decor_lopped, corexii_item_surrounded_by_moat,
          chequers_mini_garden, uniq_sigmund

Skill      XL: |  1  2 |
---------------+-------+-----
Axes           | 2 3 |  3.6
Fighting       | |  3.2
Armour         | |  3.2
Shields        | |  3.2

Action                   || total
-------------------------++-------
Melee: War axe           ||   117
  Use: Scroll            ||     4
Armor: Scale mail        ||    49
Dodge: Dodged            ||    48
Block: Buckler           ||    22

Table legend:
 A = Non-vault XP
 B = Vault XP
 C = Vault XP percentage of total XP
 D = Non-vault monster count
 E = Vault monster count
 F = Vault count percentage of total count
                 A         B        C        D         E       F
            +---------+---------+-------+---------+---------+-------
      Total |      57 |      13 |  18.6 |      24 |      13 |  35.1
            +---------+---------+-------+---------+---------+-------
        D:1 |      30 |      13 |  30.2 |      16 |      13 |  44.8
        D:2 |      27 |       0 |   0.0 |       8 |       0 |   0.0
            +---------+---------+-------+---------+---------+-------
